 Dungeon Crawl Stone Soup version 0.30.1-11-g7821555f0a (webtiles) character file.

Game seed: 11562872481314021911

131 SacredBeard the Grave Robber (level 4, -5/32 HPs)
             Began as a Demonspawn Necromancer on Nov 6, 2023.
             Splashed by a jelly's acid (8 damage)
             ... on level 4 of the Dungeon.
             The game lasted 00:05:31 (3066 turns).

SacredBeard the Grave Robber (DsNe)                 Turns: 3066, Time: 00:05:32

Health: -5/32      AC:  4    Str: 14    XL:     4   Next: 91%
Magic:  7/7        EV: 12    Int: 21    God:
Gold:   166        SH:  0    Dex: 13    Spells: 7/8 levels left

rFire   . . .        o - +0 short sword (drain)
rCold   . . .        (no shield)
rNeg    . . .        r - +0 leather armour
rPois   .            (no helmet)
rElec   .            (no cloak)
rCorr   .            (no gloves)
SInv    .            q - +0 pair of boots
Will    .....        (no amulet)
Stlth   ++           p - +6 ring of strength
HPRegen 0.25/turn    (no ring)
MPRegen 0.10/turn

%: no passive effects
@: no status effects
A: demonic guardian 1, big brain 1
a: no special abilities


You were on level 4 of the Dungeon.
You visited 1 branch of the dungeon, and saw 4 of its levels.

You collected 166 gold pieces.

Inventory:

Hand Weapons
 o - a +0 short sword of draining (weapon)
Missiles
 c - 43 stones
 d - 9 poisoned darts
 f - 6 atropa-tipped darts
 l - 4 boomerangs of dispersal
Armour
 q - a +0 pair of boots (worn)
 r - a +0 leather armour (worn)
Jewellery
 p - a +6 ring of strength (left hand)
Scrolls
 e - a scroll of amnesia {unknown}
 h - a scroll of teleportation {unknown}
 i - 4 scrolls of fear {unknown}
 j - 4 scrolls of identify {unknown}
Potions
 a - 2 potions of curing {unknown}
 b - 2 potions of magic
 g - a potion of resistance {unknown}
 k - a potion of mutation {unknown}
 m - 2 potions of heal wounds {unknown}
 n - 2 potions of invisibility {unknown}


   Skills:
 + Level 1.4 Fighting
 + Level 1.1 Throwing
 + Level 1.3 Armour
 - Level 2.0 Dodging
 + Level 2.4 Stealth
 + Level 2.5 Spellcasting
 * Level 5.2 Necromancy


You had 7 spell levels left.
You knew the following spells:

 Your Spells              Type           Power      Damage    Failure   Level
a - Necrotise             Necr           96%        1d8       1%          1

Your spell library contained the following spells:

 Spells                   Type           Power      Damage    Failure   Level
 Vampiric Draining        Necr           24%        2d7       6%          3
 Cigotuvi's Dreadful Rot  Necr/Pois/Air  18%        N/A       13%         2
 Beastly Appendage        Tmut           4%         N/A       17%         1
 Sandblast                Erth           4%         2d4       17%         1
 Animate Dead             Necr           24%        N/A       21%         4
 Passwall                 Tmut/Erth      1%         N/A       26%         2
 Wereblood                Tmut           2%         N/A       26%         2
 Ignite Poison            Fire/Tmut/Pois 2%         N/A       45%         3
 Spider Form              Tmut/Pois      2%         N/A       45%         3
 Stone Arrow              Conj/Erth      4%         3d7       45%         3
 Agony                    Necr           24%        N/A       50%         5
 Freezing Cloud           Conj/Ice/Air   1%         6-21      99%         5


Dungeon Overview and Level Annotations

Branches:
Dungeon (4/15) Zot: 20932
 Temple: D:4-7

Altars:

Shops:
D:1 [:


Innate Abilities, Weirdness & Mutations

A weak demonic guardian rushes to your aid.
You have an unusually large brain. (Int +2)


Message History

You hit the phantom.
The phantom is moderately damaged.
The phantom hits you.
The phantom blinks!
You blink.
You hit the phantom but do no damage.
The phantom is moderately damaged.
The phantom misses you.
You miss the phantom.
The phantom is moderately damaged.
The phantom hits you but does no damage.
You completely miss the phantom.
The phantom is moderately damaged.
The phantom hits you!
A demonic guardian appears!
You closely miss the phantom.
The phantom is moderately damaged.
The phantom hits you.
The phantom blinks!
You blink.
A jelly comes into view.
Your white imp gestures at the phantom.
The puff of frost hits the phantom.
The phantom completely resists.
You hit the phantom.
The phantom is moderately damaged.
The phantom closely misses you.
You barely miss the phantom.
The phantom is moderately damaged.
The jelly quivers.
The phantom hits you.
* * * LOW HITPOINT WARNING * * *
Your white imp gestures at the phantom.
The puff of frost hits the phantom.
The phantom resists.
You hit the phantom.
The phantom is severely damaged.
The phantom hits you.
* * * LOW HITPOINT WARNING * * *
The phantom misses you.
Your white imp hits the phantom.
Your white imp freezes the phantom.
The phantom completely resists.
The phantom closely misses you.
Your white imp barely misses the phantom.
The jelly attacks as you move away! The jelly hits you.
* * * LOW HITPOINT WARNING * * *
You are splashed with acid!
You die...

. #. .#####
....# ### ...#
# #.. #..#
.###.# #..#
#(#!# #.@# #..#
#.##JW######..#
#.....5.).....#
####..#######(#
#..# #(# #..#
#ยง# ...#
#.########
....#
#.........
#.###
##########


You could see a phantom (ally target), a jelly and a friendly white imp
(summoned).

Vanquished Creatures
  An iguana (D:4)
  7 adders
  2 worms
  A dart slug (D:1)
  2 endoplasms
  2 giant cockroaches
  A goblin (D:4)
  3 hobgoblins (D:3)
  6 quokkas
  3 ball pythons
  A frilled lizard (D:3)
  A kobold (D:2)
  7 rats
37 creatures vanquished.

Vanquished Creatures (collateral kills)
  A dart slug (D:1)
  A giant cockroach (D:2)
2 creatures vanquished.

Grand Total: 39 creatures vanquished

Notes
Turn   | Place    | Note
-------+----------+-------------------------------------------
     0 | D:1      | SacredBeard the Demonspawn Necromancer began the quest for
                  | the Orb.
     0 | D:1      | Reached XP level 1. HP: 13/13 MP: 3/3
   164 | D:1      | Found Etarret's Book Boutique.
   247 | D:1      | Found a faded altar of an unknown god.
   299 | D:1      | Found Todo's Armour Emporium.
   308 | D:1      | Gained mutation: You have an unusually large brain. (Int
                  | +2) [demonic ancestry]
   308 | D:1      | Reached XP level 2. HP: 15/20 MP: 1/5
   590 | D:1      | You fall into a shaft and drop 1 floor!
  1412 | D:2      | Gained mutation: A weak demonic guardian rushes to your
                  | aid. [demonic ancestry]
  1412 | D:2      | Reached XP level 3. HP: 21/25 MP: 1/6
  1695 | D:2      | Reached skill level 1 in Fighting
  1695 | D:2      | Reached skill level 1 in Armour
  1857 | D:2      | Reached XP level 4. HP: 32/32 MP: 4/7
  2222 | D:3      | Reached skill level 5 in Necromancy
  2791 | D:4      | Reached skill level 1 in Throwing
  3040 | D:4      | Noticed a phantom
  3066 | D:4      | Splashed by a jelly's acid

Illustrated notes

Levels and vault maps discovered:
D:1:      dpeg_arrival_oval, layout_basic, shapermc_ecumenical_altar_flowoftime,
          serial_shops, shop, shop
D:2:      layout_rooms, minmay_misc_feat_rugged, minmay_misc_feat_square,
          kennysheep_minor_cross, palyth_stone_intersect, minmay_split_cup_large
D:3:      layout_rooms, kennysheep_generic_room_13
D:4:      layout_loops_ring, minmay_temple_entry_wispy

Skill      XL: |  1  2  3  4 |
---------------+-------------+-----
Stealth        | 2 |  2.4
Dodging        | 2 |  2.0
Fighting       | 1 |  1.4
Armour         | 1 |  1.3
Necromancy     | 5 |  5.2
Throwing       | 1 |  1.1
Spellcasting   | |  2.5

Action                     |  1- 3 |  4- 6 || total
---------------------------+-------+-------++-------
  Melee: Mace              |     8 |       ||     8
         Short sword       |    16 |    15 ||    31
         Punch             |       |     1 ||     1
  Throw: Dart              |       |     3 ||     3
         Stone             |       |     1 ||     1
   Cast: Necrotise         |    41 |    41 ||    82
 Armour: Robe              |     1 |       ||     1
         Leather armour    |       |     4 ||     4
  Dodge: Dodged            |    20 |    11 ||    31
